 Dungeon Crawl Stone Soup version 0.20.1-1-g8b1a95d (webtiles) character file.

32 tidbits the Insei (level 2, -6/22 HPs)
             Began as a Demigod Transmuter on Aug 23, 2017.
             Shot with a stone by a goblin (10 damage)
             ... on level 2 of the Dungeon.
             The game lasted 00:07:58 (777 turns).

tidbits the Insei (Demigod Transmuter)               Turns: 777, Time: 00:07:59

Health: -6/22      AC:  2    Str: 13    XL:     2   Next: 93%
Magic:  4/7        EV: 12    Int: 17    God:
Gold:   96         SH:  0    Dex: 18    Spells: 2/5 levels left

rFire    . . .     SeeInvis .     - Unarmed
rCold    . . .     Gourm    .   (no shield)
rNeg     . . .     Faith    .   b - +0 robe
rPois    +         Spirit   .   (no helmet)
rElec    .         Reflect  .   (no cloak)
rCorr    .         Harm     .   (no gloves)
MR       .....     Rnd*Rage +   (no boots)
Stlth    ++........             (no amulet)
Regen    0.1/turn               Y - +2 ring of slaying
MPRegen  0.1/turn               (no ring)

@: appendage
A: horns 2, agile 1, berserk 1, high mp 1, poison resistance
a: End Transformation


You were on level 2 of the Dungeon.
You were not hungry.
You had grown temporary horns.
You visited 1 branch of the dungeon, and saw 5 of its levels.

You collected 96 gold pieces.

Inventory:

Hand Weapons
 h - a +0 trident
 k - a +0 hunting sling
Missiles
 a - 8 arrows
Armour
 b - a +0 robe (worn)
 e - a +0 ring mail
Jewellery
 Y - a +2 ring of slaying (left hand)
   (You found it on level 1 of the Dungeon)
Scrolls
 f - a scroll of recharging
 g - a scroll of enchant weapon
 i - 3 scrolls of identify
 l - a scroll of noise {unknown}
 p - a scroll of amnesia {unknown}
 r - a scroll of remove curse {unknown}
Potions
 m - a potion of magic {unknown}
 n - a potion of invisibility {unknown}
Books
 c - a book of Changes

   Spells                             Type                      Level
   a - Beastly Appendage              Transmutation                1
   b - Sticks to Snakes               Transmutation                2
   c - Spider Form                    Transmutation/Poison         3
   d - Ice Form                       Ice/Transmutation            4
   e - Blade Hands                    Transmutation                5
Comestibles
 d - 5 bread rations
 o - a meat ration
 q - 3 fruits


   Skills:
 - Level 0.8 Fighting
 - Level 1.7 Dodging
 + Level 2.8 Unarmed Combat
 - Level 2.4 Spellcasting
 - Level 2.5 Transmutations


You had 2 spell levels left.
You knew the following spells:

 Your Spells              Type           Power        Failure   Level  Hunger
e - Beastly Appendage     Tmut           ##....       6%          1    #......
k - Sticks to Snakes      Tmut           ##......     10%         2    ##.....


Dungeon Overview and Level Annotations

Branches:
Dungeon (5/15)
 Temple: D:4-7


Innate Abilities, Weirdness & Mutations

You have an increased reservoir of magic. (+10% MP)
You have a pair of horns on your head.
You are agile. (Dex +2)
You tend to lose your temper in combat.
Your system is resistant to poisons. (rPois)


Message History

Confirm with . or Enter, or press ? or * to list all spells.
You grow a pair of large bovine horns.
The kobold shouts!
The kobold hits you with a short sword.
You hit the kobold. You headbutt the kobold.
You kill the kobold!
A rat comes into view.
Things that are here:
a short sword; a kobold corpse The rat bites you.
You hit the rat.
You kill the rat!
A bat comes into view.
Found a war axe.
Found a stone staircase leading down.
Casting: Beastly Appendage
Confirm with . or Enter, or press ? or * to list all spells.
You extend your transformation's duration.
You hit the bat.
You kill the bat!
Found a trident.
Found 9 gold pieces and a leather armour.
Found a scroll labeled KATALI DARIRESKUCH and 3 fruits.
Found an escape hatch in the floor.
You now have 96 gold pieces (gained 9).
A goblin comes into view. It is wielding a club.
The goblin shouts!
A rat comes into view.
Casting: Beastly Appendage
Confirm with . or Enter, or press ? or * to list all spells.
You fail to extend your transformation any further.
You hit the goblin.
The goblin is severely wounded.
The goblin barely misses you.
You barely miss the goblin. You headbutt the goblin.
You kill the goblin!
Found a bread ration.
You hit the rat.
You kill the rat!
Things that are here:
a trident; a rat corpse Your transformation is almost over.
Found a bread ration.
p - a scroll labeled KATALI DARIRESKUCH
d - 4 bread rations (gained 1)
Your horns disappear.
d - 5 bread rations (gained 1)
q - 3 fruits
Found a scroll labeled NYMPOBI NIBRAH.
There is a stone staircase leading down here.
r - a scroll labeled NYMPOBI NIBRAH A goblin comes into view.
A bat comes into view.
The goblin shouts!
The goblin wields a hunting sling.
The goblin shoots a stone.
The stone misses you.
You see here a stone.
You hit the bat.
You kill the bat!
The goblin shoots a stone.
The stone hits you.
Found a royal jelly.
You see here a bat corpse.
Casting: Beastly Appendage
Confirm with . or Enter, or press ? or * to list all spells.
You grow a pair of large bovine horns.
A goblin comes into view. It is wielding a dagger.
Casting: Beastly Appendage
Confirm with . or Enter, or press ? or * to list all spells.
You create a snake!
You now have 8 arrows.
The goblin shouts!
The goblin unwields an uncursed dagger.
The goblin wields a runed hunting sling.
The goblin shoots a stone.
The stone barely misses you.
The goblin shoots a stone.
The stone hits you.
The goblin shoots a stone.
The stone barely misses you.
The goblin shoots a stone.
The stone barely misses you.
The goblin shoots a stone.
The stone hits you!
* * * LOW HITPOINT WARNING * * *
The goblin misses you.
You see here a stone.
You hit the goblin.
The goblin is heavily wounded.
The goblin shoots a stone.
The stone hits you.
* * * LOW HITPOINT WARNING * * *
You completely miss the goblin.
The goblin is heavily wounded.
The goblin misses you.
It was a potion of mutation.
You feel extremely strange.
You feel resistant to poisons.
You feel a little pissed off.
You feel agile.
The goblin shoots a stone.
The stone closely misses you. The goblin hits you but does no damage.
You hit the goblin.
You kill the goblin!
Your ball python misses the goblin.
Your ball python grabs the goblin.
Your ball python constricts the goblin.
The goblin shoots a stone.
The stone barely misses your ball python.
The stone hits you!
You die...

#. ###.## #. #.#
#. #.## #... #...
#...
.############
#..)
...%...((...#.##
##..
#####(†..@Sg..#
#..
######(####)#..#
#..
##.........#.#..#
###
..............g.#
##.####....#.##.#
#............##.#
#..####....####.#
##..####....# #.#
#...........# #.#


You could see a goblin and a friendly ball python.

Vanquished Creatures
  An ooze (D:3)
  A dart slug (D:2)
  An orc (D:4)
  3 bats
  A giant cockroach (D:3)
  2 goblins (D:2)
  A hobgoblin (D:3)
  A quokka (D:2)
  A frilled lizard (D:3)
  A hobgoblin zombie (D:4)
  2 kobolds
  2 kobold skeletons (D:4)
  A kobold zombie (D:4)
  2 orc skeletons (D:4)
  4 rats
24 creatures vanquished.

Vanquished Creatures (collateral kills)
  2 bats (D:3)
2 creatures vanquished.

Grand Total: 26 creatures vanquished

Notes
Turn   | Place    | Note
-------+----------+-------------------------------------------
     0 | D:1      | tidbits the Demigod Transmuter began the quest for the Orb.
     0 | D:1      | Reached XP level 1. HP: 15/15 MP: 5/5
   244 | D:2      | Reached skill level 2 in Spellcasting
   268 | D:2      | You fall through a shaft for 2 floors!
   268 | D:4      | Noticed an ogre
   272 | D:5      | Entered Level 5 of the Dungeon
   272 | D:5      | Noticed an orc priest
   272 | D:5      | Noticed an ogre
   274 | D:5      | Noticed an orc wizard
   309 | D:4      | Reached skill level 2 in Transmutations
   397 | D:4      | Found a glowing golden altar of the Shining One.
   486 | D:4      | Reached XP level 2. HP: 13/22 MP: 5/7
   497 | D:4      | Learned a level 2 spell: Sticks to Snakes
   776 | D:2      | Gained mutation: Your system is resistant to poisons. (rPois) [potion of mutation]
   776 | D:2      | Gained mutation: You tend to lose your temper in combat. [potion of mutation]
   776 | D:2      | Gained mutation: You are agile. (Dex +2) [potion of mutation]
   777 | D:2      | Shot with a stone by a goblin

Skill      XL: |  1 |
---------------+----+-----
Spellcasting   | 2 |  2.4
Transmutations | 2 |  2.5
Fighting       | |  0.8
Dodging        | |  1.7
Unarmed Combat | |  2.8

Action                   || total
-------------------------++-------
Melee: Unarmed           ||    49
       Headbutt          ||     6
       Kick              ||     3
 Cast: Beastly Appendage ||    17
       Sticks to Snakes  ||     4
  Use: Scroll            ||     3
       Potion            ||     1
 Stab: Sleeping          ||     1
Armor: Robe              ||     5
Dodge: Dodged            ||    31

Table legend:
 A = Turns spent in this place as a percentage of turns spent in the entire game.
 B = Non-inter-level travel turns spent in this place as a percentage of non-inter-level travel turns spent in the entire game.
 C = Inter-level travel turns spent in this place as a percentage of turns spent in this place.
 D = Turns resting spent in this place as a percentage of non-inter-level travel turns spent in this place.
 E = Turns spent auto-exploring this place as a percentage of non-inter-level travel turns spent in this place.
 F = Non-inter-level travel turns spent in this place divided by the number of levels of this place that you've seen.
                   A       B       C       D       E      F
               +-------+-------+-------+-------+-------+----------------------
         Total | 100.0 | 100.0 |   0.1 |   0.0 |   0.0 | 138.8
       Dungeon | 100.0 | 100.0 |   0.1 |   0.0 |   0.0 | 138.8
               +-------+-------+-------+-------+-------+----------------------

Table legend:
 A = Kills in this place as a percentage of kills in entire the game.
 B = Kills by you in this place as a percentage of kills by you in the entire game.
 C = Kills by friends in this place as a percentage of kills by friends in the entire game.
 D = Other kills in this place as a percentage of other kills in the entire game.
 E = Experience gained in this place as a percentage of experience gained in the entire game.
 F = Experience gained in this place divided by the number of levels of this place that you have seen.
                   A       B       C       D       E      F
               +-------+-------+-------+-------+-------+----------------------
         Total | 100.0 | 100.0 | 100.0 |  -nan | 100.0 |   9.2
       Dungeon | 100.0 | 100.0 | 100.0 |  -nan | 100.0 |   9.2
               +-------+-------+-------+-------+-------+----------------------

Vault maps used:
D:1:      dpeg_arrival_connections
D:2:      first_bread
D:4:      grunt_temple_overflow_gold_and_silver, serial_shops,
          nicolae_shop_overgrown_old_shop,
          nicolae_shop_temple_entry_statues_fountains,
          nicolae_tso_besieged_by_evil
D:5:      temple_statues, enter_ossuary_1, hex_tiny,
          nicolae_ru_great_annihilating_truth
